 Dungeon Crawl Stone Soup version 0.30.0 (webtiles) character file.

Game seed: 16092983274460982957

6190 BigFatTexta the Basher (level 10, -3/96 HPs)
             Began as a Gargoyle Fighter on Jan 17, 2024.
             Killed by divine providence
             ... invoked by an orc priest
              (13 damage)
             ... on level 9 of the Dungeon.
             The game lasted 00:28:38 (8755 turns).

BigFatTexta the Basher (Gargoyle Fighter)           Turns: 8755, Time: 00:28:39

Health: -3/96      AC: 25    Str: 23    XL:     10   Next: 91%
Magic:  10/10      EV:  2    Int: 10    God:
Gold:   458        SH:  4    Dex:  9    Spells: 9/9 levels left

rFire   . . .        r - +5 spear (freeze)
rCold   . . .        c - +0 buckler
rNeg    + . .        p - melded +6 chain mail "Cohac" {rF+}
rPois   ∞            b - melded +0 helmet
rElec   .            L - melded +0 cloak
rCorr   .            V - melded +0 pair of gloves
SInv    .            (boots currently unavailable)
Will    .....        (no amulet)
Stlth   +            G - +5 ring of evasion
HPRegen 0.36/turn    (no ring)
MPRegen 0.12/turn

%: no passive effects
@: tree-form
A: stationary, stasis, torment immunity, boosted hp, sickness immunity, AC +7,
negative energy resistance 1, (electricity resistance), torment resistance 1,
petrification resistance
a: no special abilities


You were on level 9 of the Dungeon.
You were a tree.
You visited 2 branches of the dungeon, and saw 10 of its levels.
You also visited: Ossuary.

You collected 458 gold pieces.

Inventory:

Hand Weapons
 a - a +0 flail
 r - a +5 spear of freezing (weapon)
 A - a +0 scimitar of flaming
 K - a +2 quarterstaff of chaos
 P - a +4 mace
 R - a +5 war axe
 U - a +0 morningstar
Missiles
 f - 26 poisoned darts (quivered)
 g - 14 stones
Armour
 b - a +0 helmet (melded)
 c - a +0 buckler (worn)
 p - the +6 chain mail "Cohac" (melded) {rF+}
   (You found it on level 4 of the Dungeon)

   rF:        It protects you from fire.
 L - a +0 cloak (melded)
 M - a +3 scale mail of cold resistance
 Q - a scarf of resistance
 V - a +0 pair of gloves (melded)
 X - an orb of wrath
Jewellery
 m - a ring of fire
 G - a +5 ring of evasion (left branch)
 W - an amulet of faith
Wands
 i - a wand of mindburst (11)
 u - a wand of light (7)
 x - a wand of charming (13)
 y - a wand of digging (4)
Scrolls
 e - 2 scrolls of teleportation {unknown}
 h - 2 scrolls of fog {unknown}
 k - 4 scrolls of vulnerability {unknown}
 n - a scroll of enchant armour {unknown}
 o - 2 scrolls of enchant weapon
 q - a scroll of blinking {unknown}
 t - a scroll of silence {unknown}
 v - 2 scrolls of immolation {unknown}
 w - 3 scrolls of noise
 D - a scroll of magic mapping {unknown}
 F - a scroll of acquirement {unknown}
 H - 2 scrolls of poison {unknown}
 N - a scroll of torment {unknown}
 T - a scroll of identify
Potions
 d - 3 potions of might
 j - a potion of heal wounds
 l - 3 potions of brilliance
 s - 5 potions of curing
 z - 2 potions of flight {unknown}
 B - a potion of attraction
 C - a potion of cancellation {unknown}
 E - a potion of berserk rage {unknown}
 I - 2 potions of haste {unknown}
 J - 2 potions of lignification
 O - a potion of mutation {unknown}
 S - a potion of degeneration {unknown}


   Skills:
 - Level 8.0 Fighting
 + Level 12.8 Maces & Flails
 - Level 8.0 Armour
 - Level 5.0 Shields


You had 9 spell levels left.
You didn't know any spells.
Your spell library contained the following spells:

 Spells                   Type           Power      Damage    Failure   Level
 Apportation              Tloc           0%         N/A       41%         1
 Beastly Appendage        Tmut           0%         N/A       41%         1
 Necrotise                Necr           0%         1d4       41%         1
 Summon Small Mammal      Summ           0%         N/A       41%         1
 Ensorcelled Hibernation  Hex/Ice        0%         N/A       56%         2
 Static Discharge         Conj/Air       0%         2-2/arc   56%         2
 Wereblood                Tmut           0%         N/A       56%         2
 Call Canine Familiar     Summ           0%         N/A       80%         3
 Spider Form              Tmut/Pois      0%         N/A       80%         3
 Summon Guardian Golem    Hex/Summ       0%         N/A       80%         3
 Airstrike                Air            0%         2d(0-16)  99%         4
 Anguish                  Hex/Necr       0%         N/A       99%         4
 Petrify                  Tmut/Erth      0%         N/A       99%         4
 Summon Lightning Spire   Summ/Air       0%         N/A       99%         4
 Irradiate                Conj/Tmut      0%         3d11      100%        5
 Sublimation of Blood     Necr           Unusable   N/A       N/A         2

Dungeon Overview and Level Annotations

Branches:
Dungeon (9/15)             Temple (1/1) D:4         Ossuary (visited)
   Lair: D:8-11         Orc: D:9-12

Altars:
Ashenzari
Cheibriados
Dithmenos
Fedhas
Gozag
Hepliaklqana
Kikubaaqudgha
Nemelex Xobeh
Qazlal
Ru
Sif Muna
Trog
Uskayaw
Vehumet
Wu Jian
Yredelemnul
Zin
The Shining One

Annotations:
D:4 digging


Innate Abilities, Weirdness & Mutations

You are a tree.
Your roots penetrate the ground, keeping you stationary.
You cannot be teleported.
You are immune to unholy pain and torment.
Your maximum health is greatly increased.
Your equipment is partially melded.
You are immune to sickness and miasma.
((Your stone body is resilient. (AC +7)))
You are immune to poison.
You resist negative energy. (rN+)
((You are resistant to electric shocks. (rElec)))
You are resistant to unholy torment.
You are immune to petrification.


Message History

Beogh smites you!
* * * LOW HITPOINT WARNING * * *
The orc warrior closely misses you.
You hit the orc warrior. You freeze the orc warrior.
The orc warrior is severely wounded.
The orc warrior completely misses you.
It was a potion of lignification.
You turn into a tree.
Your +0 cloak melds into your body.
Your +0 helmet melds into your body.
Your +0 pair of gloves melds into your body.
The +6 chain mail "Cohac" {rF+} melds into your body.
Your roots penetrate the ground.
The orc priest calls upon Beogh to heal the orc warrior.
The orc warrior is healed somewhat.
The orc warrior hits you with a +0 mace.
* * * LOW HITPOINT WARNING * * *
It was a potion of heal wounds.
You feel much better. You block the orc warrior's attack.
You puncture the orc warrior! You freeze the orc warrior.
The orc warrior is almost dead.
The orc priest mumbles some strange prayers to Beogh against you.
Beogh smites you!
* * * LOW HITPOINT WARNING * * *
The orc warrior hits you with a +0 mace!
* * * LOW HITPOINT WARNING * * *
You barely miss the orc warrior.
The orc warrior is almost dead.
The orc priest looks braver for a moment.
The orc warrior hits you but does no damage.
The orc warrior hits you with a +0 mace.
* * * LOW HITPOINT WARNING * * *
You feel better.
The orc warrior hits you but does no damage.
You barely miss the orc warrior.
The orc warrior is severely wounded.
The orc warrior hits you but does no damage.
You barely miss the orc warrior.
The orc warrior is severely wounded.
The orc priest invokes the aid of Beogh against you.
Beogh smites you!
You die...

#.##.##.## ###.#### #.##.....#
##..[.) ########
#.#####..####.#.###
#..>...#####.#####......###...
#.###...............###..#.#..
####......####.#####.............
............##.### #.#.##########
####......#......# #.#.# #
#.###..####.#♣# #...#
####......####.#o# #..##
...#####.......#o# #..# ##.#
#########.###.## ##.# #......#
##.# ##########.#...## .#.#
#..............# .#.#
#.....#.##.#..## ...#
#.......##.#).#


You could see an orc warrior and an orc priest.

Vanquished Creatures
  A two-headed ogre (D:8)
  Erica (D:9)
  Maggie (D:7)
  Prince Ribbit (D:9)
  Sigmund (D:2)
  A shadow (D:9)
  A wyvern (D:7)
  2 wraiths (Ossuary)
  A steam dragon (D:8)
  2 water moccasins
  3 orc warriors
  3 ice beasts
  A black bear (D:6)
  A sky beast (D:7)
  2 centaurs
  A phantom (D:6)
  3 bullfrogs
  5 scorpions
  17 wights
  6 howler monkeys
  4 jellies
  3 hounds
  2 gnoll boudas
  3 orc priests
  Crazy Yiuf (D:7)
  3 iguanas
  2 sleepcaps (D:5)
  Natasha (thrice) (D:2)
  8 orc wizards
  Terence (D:2)
  4 gnolls (D:9)
  3 adders
  2 shadow imps
  A white imp (D:6)
  An ufetubus (D:7)
  An adder zombie (Ossuary)
  4 dart slugs
  17 orcs
  7 endoplasms (D:1)
  2 giant cockroaches
  6 goblins
  4 hobgoblins
  4 jackals (D:5)
  3 kobolds
  A quokka (D:4)
  6 ball pythons
  A ball python skeleton (Ossuary)
  4 bats
  5 frilled lizards
  2 hobgoblin skeletons (Ossuary)
  A kobold zombie (Ossuary)
  2 rats
165 creatures vanquished.

Vanquished Creatures (others)
  4 plants (D:7)
4 creatures vanquished.

Grand Total: 169 creatures vanquished

Notes
Turn   | Place    | Note
-------+----------+-------------------------------------------
     0 | D:1      | BigFatTexta the Gargoyle Fighter began the quest for the
                  | Orb.
     0 | D:1      | Reached XP level 1. HP: 14/14 MP: 1/1
   254 | D:1      | Reached XP level 2. HP: 19/19 MP: 2/2
   661 | D:1      | Reached XP level 3. HP: 23/23 MP: 3/3
   739 | D:2      | Noticed Terence
   752 | D:2      | Killed Terence
   881 | D:2      | Found a faded altar of an unknown god.
   920 | D:2      | Noticed Sigmund
  1008 | D:3      | Reached XP level 4. HP: 29/29 MP: 4/4
  1323 | D:4      | Found a hide-covered altar of Uskayaw.
  1399 | D:4      | Reached skill level 5 in Fighting
  1399 | D:4      | Reached skill level 3 in Maces & Flails
  1399 | D:4      | Reached XP level 5. HP: 7/35 MP: 5/5
  1422 | D:4      | Found a glowing silver altar of Zin.
  1485 | D:4      | Found a staircase to the Ecumenical Temple.
  1495 | D:4      | Identified the +6 chain mail "Cohac" {rF+}
  1540 | D:4      | Found a sand-covered staircase.
  1550 | Ossuary  | Entered an ossuary
  1625 | Ossuary  | Reached skill level 4 in Maces & Flails
  1713 | Ossuary  | Reached XP level 6. HP: 21/40 MP: 6/6
  1804 | Ossuary  | Reached skill level 5 in Maces & Flails
  1855 | Ossuary  | Noticed a wraith
  1855 | Ossuary  | Noticed a flying skull
  1866 | Ossuary  | Noticed a flying skull
  1868 | Ossuary  | Noticed a flying skull
  1918 | Ossuary  | Noticed a wraith
  1936 | Ossuary  | Killed a wraith
  1937 | Ossuary  | Reached skill level 6 in Maces & Flails
  1937 | Ossuary  | Reached XP level 7. HP: 26/44 MP: 7/7
  2008 | Ossuary  | Noticed a wraith
  2016 | Ossuary  | Killed a wraith
  2017 | Ossuary  | Reached skill level 7 in Maces & Flails
  2026 | Ossuary  | Noticed a flying skull
  3057 | Temple   | Entered the Ecumenical Temple
  3222 | D:2      | Noticed Natasha
  3224 | D:2      | Killed Natasha
  3225 | D:2      | Reached skill level 5 in Armour
  3297 | D:2      | Noticed Natasha
  3303 | D:2      | Killed Natasha
  3315 | D:2      | Noticed Natasha
  3328 | D:2      | Killed Natasha
  3391 | D:2      | Killed Sigmund
  3392 | D:2      | Reached XP level 8. HP: 38/49 MP: 8/8
  3887 | D:5      | Entered Level 5 of the Dungeon
  4801 | D:6      | Found a shadowy altar of Dithmenos.
  4939 | D:6      | Reached XP level 9. HP: 55/57 MP: 9/9
  5292 | D:7      | Found a runed translucent door.
  5293 | D:7      | Noticed Crazy Yiuf
  5336 | D:7      | Killed Crazy Yiuf
  5497 | D:7      | Reached skill level 5 in Shields
  5624 | D:7      | Found a bloodstained altar of Trog.
  5626 | D:7      | Found a shimmering blue altar of Sif Muna.
  5705 | D:7      | Noticed Maggie
  5735 | D:7      | Killed Maggie
  5736 | D:7      | Reached skill level 8 in Maces & Flails
  5952 | D:7      | Found an ancient bone altar of Kikubaaqudgha.
  5980 | D:7      | Reached skill level 9 in Maces & Flails
  6338 | D:7      | Reached XP level 10. HP: 60/64 MP: 10/10
  6372 | D:7      | Reached skill level 10 in Maces & Flails
  7017 | D:8      | Noticed a two-headed ogre
  7026 | D:8      | Killed a two-headed ogre
  7027 | D:8      | Reached skill level 11 in Maces & Flails
  7763 | D:7      | Found a stormy altar of Qazlal.
  7763 | D:7      | Found an opulent altar of Gozag.
  8322 | D:9      | Noticed Prince Ribbit
  8330 | D:9      | Killed Prince Ribbit
  8331 | D:9      | Reached skill level 12 in Maces & Flails
  8377 | D:9      | Noticed Erica
  8403 | D:9      | Killed Erica
  8657 | D:9      | Found a radiant altar of Vehumet.
  8752 | D:9      | HP: 3/96 [orc warrior/+0 mace (6)]
  8755 | D:9      | Killed from afar by an orc priest

Illustrated notes

Levels and vault maps discovered:
D:1:      minmay_arrival_cross, layout_loops_ring, corexii_corridor_pit,
          wander_ebering_terrifying_dragon_lair
D:2:      layout_basic, shapermc_ecumenical_altar_totnotflames,
          chequers_serial_rivers_small_b, uniq_natasha, uniq_sigmund,
          uniq_terence
D:3:      layout_basic
D:4:      layout_basic, general_overflow_altar, zin_treasury,
          minmay_temple_entry_large_hall, enter_ossuary_2
D:5:      layout_basic
D:6:      minmay_inner_zag, layout_rooms, kennysheep_mini_moat,
          kennysheep_generic_room_5
D:7:      layout_loops_ring, mainiacjoe_overflow_boulevard,
          nicolae_overflow_hidden_temple, serial_bayou_pond_d,
          minmay_misc_feat_chi, minmay_checkerbox, uniq_maggie,
          uniq_crazy_yiuf_cottage
D:8:      layout_gridville
D:9:      minmay_the_grid_triangle_9x9_rhombus_full
          [minmay_the_grid_triangle_9x9_sparse_checkered,
          minmay_the_grid_triangle_9x9_cache,
          minmay_the_grid_triangle_9x9_steps,
          minmay_the_grid_triangle_9x9_flanged_cone,
          minmay_the_grid_triangle_9x9_dagger,
          minmay_the_grid_triangle_9x9_windchime,
          minmay_the_grid_triangle_9x9_impossible_snake,
          minmay_the_grid_triangle_9x9_prize_special], layout_loops_cross,
          fiery_altar_vehumet, lightli_church_of_beogh, uniq_psyche, uniq_erica,
          uniq_prince_ribbit1
Temple:   kb_temple_of_zot

Skill      XL: |  1  2  3  4  5  6  7  8  9 10 |
---------------+-------------------------------+-----
Fighting       | 4 5 7 8 |  8.0
Maces & Flails | 3 4 6 7 9 12 | 12.8
Armour         | 6 8 |  8.0
Shields        | 5 |  5.0

Action                     |  1- 3 |  4- 6 |  7- 9 | 10-12 || total
---------------------------+-------+-------+-------+-------++-------
  Melee: Flail             |    59 |    94 |       |       ||   153
         Spear             |       |    24 |   398 |   252 ||   674
  Throw: Dart              |       |       |       |     3 ||     3
  Evoke: Wand              |       |       |     2 |     2 ||     4
    Use: Scroll            |       |       |     4 |     2 ||     6
         Potion            |       |       |     1 |     5 ||     6
 Armour: Scale mail        |    16 |    16 |       |       ||    32
         Chain mail        |       |    46 |   195 |   114 ||   355
         Skin              |       |       |       |     3 ||     3
  Dodge: Dodged            |    23 |    47 |    89 |    91 ||   250
  Block: Buckler           |     9 |    26 |    51 |    37 ||   123
